 Dungeon Crawl Stone Soup version 0.12.2-7-g64ef654 (webtiles) character file.

228 kopiNeko the Sneak (level 5, -6/24 HPs)
             Began as a Spriggan Enchanter on June 19, 2013.
             Mangled by Terence
             ... wielding a +5,+6 flail of protection
              (12 damage)
             ... on Level 3 of the Dungeon.
             The game lasted 00:28:17 (3203 turns).

kopiNeko the Sneak (Spriggan Enchanter)             Turns: 3203, Time: 00:28:17

HP  -6/24        AC  4     Str  4      XL: 5   Next:  9%
MP   7/16        EV 19     Int 17      God:
Gold 79          SH  0     Dex 17      Spells:  2 memorised,  6 levels left

Res.Fire  : . . .   See Invis. : +   a - +1 dagger {=f}
Res.Cold  : . . .   Warding    : .   b - +1 robe
Life Prot.: . . .   Conserve   : .   (shield restricted)
Res.Poison: .       Res.Corr.  : .   t - +0 cap
Res.Elec. : .       Clarity    : .   w - +0 cloak
Sust.Abil.: . .     Spirit.Shd : .   (gloves unavailable)
Res.Mut.  : .       Stasis     : .   (boots unavailable)
Res.Rott. : .       Ctrl.Telep.: .   (no amulet)
Saprovore : . . .   Flight     : .   (no ring)
                                     (no ring)

@: very slightly contaminated, very quick, somewhat resistant to hostile
enchantments, quite stealthy
A: unfitting armour, see invisible, herbivore 3, speed 3, slow metabolism 2
a: no special abilities


You were on level 3 of the Dungeon.
You were hungry.

You visited 1 branch of the dungeon, and saw 3 of its levels.

You collected 59 gold pieces.

Inventory:

Hand weapons
 a - a +1,+1 dagger (weapon) {=f}
 i - a +0,+0 dagger
Missiles
 d - 12 darts (quivered)
Armour
 b - a +1 robe (worn)
 t - a +0 cap (worn)
 w - a +0 cloak (worn)
 y - a +0 robe
Comestibles
 q - a bread ration
Scrolls
 h - a scroll of blinking {unknown}
 j - 3 scrolls of identify {unknown}
 l - 3 scrolls of noise {unknown}
 n - a scroll of curse armour {unknown}
 p - 2 scrolls of remove curse {unknown}
 s - a scroll of enchant weapon I {unknown}
 v - 2 scrolls of amnesia {unknown}
Jewellery
 x - an uncursed ring of protection from fire {unknown}
Potions
 e - a potion of porridge
 f - 2 potions of slowing {unknown}
 g - a potion of might {unknown}
 k - a potion of invisibility {unknown}
 m - a potion of resistance {unknown}
 o - 2 potions of curing {unknown}
 u - a potion of speed {unknown}
 z - a potion of cure mutation {unknown}
Books
 c - a book of Maledictions

   Spells                             Type                      Level
   *Corona                            Hexes                        1
   Sure Blade                         Hexes/Charms                 2
   Ensorcelled Hibernation            Hexes/Ice                    2
   *Confuse                           Hexes                        3
   Enslavement                        Hexes                        4
   Invisibility                       Hexes                        6
 r - a book of Ice

   Spells                             Type                      Level
   Freezing Aura                      Charms/Ice                   2
   Ensorcelled Hibernation            Hexes/Ice                    2
   Ozocubu's Refrigeration            Ice                          6
   Bolt of Cold                       Conjuration/Ice              6
   Freezing Cloud                     Conjuration/Ice/Air          6
   Metabolic Englaciation             Hexes/Ice                    6
   Simulacrum                         Ice/Necromancy               6


   Skills:
 + Level 2.1 Short Blades
 - Level 1.1 Throwing
 + Level 3.9 Dodging
 + Level 4.3 Stealth
 + Level 3.1 Stabbing
 * Level 3.3 Spellcasting
 + Level 4.2 Hexes


You had 6 spell levels left.
You knew the following spells:

 Your Spells              Type           Power        Failure   Level  Hunger
a - Corona                Hex            ####....     2%          1    None
b - Confuse               Hex            ####.....    10%         3    ###....


Dungeon Overview and Level Annotations

Branches:
Dungeon (3/27)

Altars:
Makhleb
Okawaru

Annotations
D:3 Terence


Innate Abilities, Weirdness & Mutations

You are tiny and cannot use many weapons and most armour.
You have supernaturally acute eyesight.
You are a herbivore.
You cover ground extremely quickly.
You need consume almost no food.


Message History

Casting: Confuse
Confirm with . or Enter, or press ? or * to list all spells.
Aiming: Confuse
Press: ? - help, Shift-Dir - straight line, f/p - Terence
Aim: Terence, wielding a runed flail and wearing a chain mail (severely wounded)
You miscast Confuse.
You are very lightly contaminated with residual magic.
Multicoloured lights dance before your eyes!
You closely miss Terence.
Terence is severely wounded.
Terence hits you with a runed flail!
* * * LOW HITPOINT WARNING * * *
Casting: Confuse
Confirm with . or Enter, or press ? or * to list all spells.
Aiming: Confuse
Press: ? - help, Shift-Dir - straight line, f/p - Terence
Aim: Terence, wielding a runed flail and wearing a chain mail (severely wounded) Terence easily resists.
Terence hits you with a runed flail!
Ouch! That really hurt!
You die...

#.#.o#... #
# #..#.#.#
.# #.....o#
.# #....###
.# #
..........
.#.#
###########
.#.# ...
##@###.#
#@.....#
#.#:####
### #


You could see Terence.

Vanquished Creatures
  Crazy Yiuf (D:2)
  A hound (D:2)
  Jessica (D:3)
  4 adders
  An ooze (D:1)
  3 orcs (D:3)
  7 bats
  7 goblins
  6 hobgoblins
  2 jackals (D:2)
  A quokka (D:1)
  3 ball pythons
  2 giant newts
  3 kobolds
  7 rats
  A fungus (D:2)
50 creatures vanquished.

Vanquished Creatures (others)
  A rat (D:2)
1 creature vanquished.

Grand Total: 51 creatures vanquished

Notes
Turn   | Place    | Note
--------------------------------------------------------------
     0 | D:1      | kopiNeko, the Spriggan Enchanter, began the quest for the Orb.
     0 | D:1      | Reached XP level 1. HP: 9/9 MP: 4/4
   220 | D:1      | Reached XP level 2. HP: 13/13 MP: 6/6
   781 | D:2      | Reached skill level 4 in Hexes
   781 | D:2      | Reached XP level 3. HP: 4/16 MP: 9/9
  1024 | D:2      | Found a burning altar of Makhleb.
  1794 | D:2      | Reached XP level 4. HP: 14/21 MP: 12/12
  2322 | D:2      | Learned a level 3 spell: Confuse
  2378 | D:2      | Noticed Crazy Yiuf
  2414 | D:2      | Killed Crazy Yiuf
  2548 | D:3      | Found an iron altar of Okawaru.
  2825 | D:3      | Noticed Jessica
  2941 | D:3      | Killed Jessica
  2941 | D:3      | Reached XP level 5. HP: 24/24 MP: 12/16
  3197 | D:3      | Noticed Terence
  3203 | D:3      | Mangled by Terence

Action                   |  1- 3 |  4- 6 || total
-------------------------+-------+-------++-------
Melee: Dagger            |   120 |   106 ||   226
Throw: Dart              |     1 |       ||     1
 Cast: Confuse           |       |    14 ||    14
 Stab: Sleeping          |     4 |     4 ||     8
       Confused          |       |     5 ||     5
